 Dungeon Crawl Stone Soup version 0.32-a0-540-g866d13106e (webtiles) character file.

Game seed: 8205121962761726332

1674536 ragingrage the Champion of Chaos (level 27, 228/228 HPs)
             Began as a Mountain Dwarf Monk on Feb 28, 2024.
             Was the Champion of Makhleb.
             Escaped with the Orb
             ... and 3 runes on Feb 29, 2024!
             The game lasted 01:58:32 (71411 turns).

ragingrage the Champion of Chaos (MDMo)            Turns: 71411, Time: 01:58:32

Health: 228/228    AC: 43    Str: 30    XL:     27
Magic:  36/36      EV: 15    Int: 16    God:    Makhleb [******]
Gold:   1148       SH: 15    Dex: 21    Spells: 7/39 levels left

rFire   + . .        a - +8 demon trident "Rift" {distort, reach+}
rCold   + . .        R - +0 kite shield {reflect}
rNeg    + . .        j - +9 plate armour "Yxkorehe" {Str+3}
rPois   +            e - +2 helmet
rElec   +            q - +2 cloak {Stlth+}
rCorr   +            I - +2 pair of gloves of the Spheres {Rampage rElec rPois rC-}
SInv    .            C - +2 pair of slick slippers {slick, slippery, EV+4}
Will    ++...        n - amulet "Couquewa" {Harm ^Drain Regen+ Str+4 Dex+9} Stlth
                     l - ring of Honesty {rCorr Int+3 Slay+5}
HPRegen 1.38/turn    k - ring "Ygimmuoj" {rF+ rC+ rN+ Str-3 Slay+3}
MPRegen 0.25/turn

%: harm (+30% outgoing, +20% incoming), reflection, rampage
@: studying Air Magic
A: runic magic, artefact enchanting, cold resistance 1, frail 1, low MP 1,
subdued magic 1, inability to read after injury 1
0: Orb of Zot
}: 3/15 runes: barnacled, silver, gossamer
a: Renounce Religion, Minor Destruction, Lesser Servant of Makhleb, Major
Destruction, Greater Servant of Makhleb


You escaped.
You worshipped Makhleb.
Makhleb was exalted by your worship.
You visited 11 branches of the dungeon, and saw 53 of its levels.
You visited the Abyss 1 time.
You visited 1 bazaar.
You also visited: Sewer, Bailey and Gauntlet.

You collected 6933 gold pieces.
You spent 5785 gold pieces at shops.

Inventory:

Hand Weapons
 a - the +8 demon trident "Rift" (weapon) {distort, reach+}
   (You took it off a deep elf pyromancer on level 13 of the Dungeon)
Missiles
 o - 5 throwing nets
Armour
 e - a +2 helmet (worn)
 j - the +9 plate armour "Yxkorehe" (worn) {Str+3}
   (You found it on level 4 of the Spider Nest)

   Str+3:     It affects your strength (+3).
 m - a +1 cloak of poison resistance
 q - a +2 cloak of stealth (worn)
 C - the +2 pair of slick slippers (worn) {slick, slippery, EV+4}
   (You found it on level 5 of the Vaults)

   Slick:     Its wearer cannot be constricted, engulfed, netted, webbed, or
   stopped by binding sigils.
   Slippery:  Its wearer slips away from damaging melee attacks, pulling the
   attacker onward.
   EV+4:      It affects your evasion (+4).
 I - the +2 pair of gloves of the Spheres (worn) {Rampage rElec rPois rC-}
   (You found it in a Gauntlet)

   rC-:       It makes you vulnerable to cold.
   rElec:     It insulates you from electricity.
   rPois:     It protects you from poison Rampage: It bestows one free step when
   moving towards enemies.
 R - a +0 kite shield of reflection (worn)
Jewellery
 h - a ring of see invisible
 k - the ring "Ygimmuoj" (right hand) {rF+ rC+ rN+ Str-3 Slay+3}
   (You took it off a deep elf demonologist on level 5 of the Vaults)

   [ring of protection from cold]

   Str-3:     It affects your strength (-3).
   Slay+3:    It affects your accuracy & damage with ranged weapons and melee
   (+3).
   rF+:       It protects you from fire.
   rC+:       It protects you from cold.
   rN+:       It protects you from negative energy.
 l - the ring of Honesty (left hand) {rCorr Int+3 Slay+5}
   (You bought it in a shop in a bazaar)

   [ring of resist corrosion]

   Int+3:     It affects your intelligence (+3).
   Slay+5:    It affects your accuracy & damage with ranged weapons and melee
   (+5).
   rCorr:     It protects you from acid and corrosion.
 n - the amulet "Couquewa" (around neck) {Harm ^Drain Regen+ Str+4 Dex+9}
   (You bought it in a shop in a bazaar)

   [amulet of regeneration]

   Str+4:     It affects your strength (+4).
   Dex+9:     It affects your dexterity (+9).
   Regen+:    It increases your rate of health regeneration.
   ^Drain:    It drains your maximum health when unequipped.
   Harm:      It increases damage dealt and taken.
 M - a ring of poison resistance
Wands
 s - a wand of quicksilver (33)
 t - a wand of mindburst (17)
 u - a wand of warping (51)
 A - a wand of flame (62)
 U - a wand of polymorph (26)
 W - a wand of charming (67)
 Y - a wand of digging (26)
Scrolls
 c - 19 scrolls of teleportation
 i - a scroll of silence
 v - a scroll of fear
 y - 10 scrolls of vulnerability
 B - 3 scrolls of blinking
 D - a scroll of revelation
 F - 10 scrolls of immolation
 G - 7 scrolls of fog
 H - 9 scrolls of noise
 P - 3 scrolls of enchant armour
 T - 5 scrolls of brand weapon
 Z - 11 scrolls of poison
Potions
 b - 8 potions of lignification
 f - 10 potions of mutation
 p - 8 potions of ambrosia
 r - 10 potions of brilliance
 w - 6 potions of cancellation
 x - 20 potions of curing
 z - 2 potions of resistance
 E - 8 potions of enlightenment
 K - 7 potions of haste
 L - 4 potions of magic
 N - 3 potions of berserk rage
 Q - 5 potions of might
 S - 6 potions of heal wounds
 V - 5 potions of invisibility
Miscellaneous
 d - a phial of floods
 g - a phantom mirror
 J - a lightning rod (4/4)
 O - a sack of spiders
 X - a condenser vane


   Skills:
 + Level 22.0 Fighting
 - Level 14.5(18.1) Axes
 - Level 11.9(14.9) Maces & Flails
 - Level 11.7(14.0) Polearms
 - Level 6.0 Throwing
 - Level 22.0 Armour
 - Level 5.0 Dodging
 - Level 16.0 Shields
 - Level 6.5 Spellcasting
 - Level 16.0 Necromancy
 - Level 10.0 Translocations
 - Level 7.0 Air Magic
 - Level 8.0 Earth Magic
 O Level 27 Invocations
 - Level 15.0 Evocations


You had 7 spell levels left.
You knew the following spells:

 Your Spells              Type           Power      Damage    Failure   Level
a - Fugue of the Fallen   Necr           43%        N/A       1%          3
b - Death Channel         Necr           21%        N/A       4%          6
c - Vhi's Electric Charg  Tloc/Air       48%        N/A       6%          4
d - Animate Armour        Summ/Erth      26%        N/A       38%         4
e - Blink                 Tloc           56%        N/A       1%          2
f - Borgnjor's Vile Clut  Necr/Erth      16%        N/A       3%          5
g - Passwall              Erth           23%        N/A       1%          3
h - Apportation           Tloc           56%        N/A       1%          1
i - Manifold Assault      Tloc           28%        N/A       3%          4

Your spell library contained the following spells:

 Spells                   Type           Power      Damage    Failure   Level
 Necrotise                Necr           100%       1d9       0%          1
 Cigotuvi's Dreadful Rot  Necr/Alch/Air  44%        N/A       1%          2
 Lesser Beckoning         Tloc           56%        N/A       1%          2
 Sublimation of Blood     Necr           43%        N/A       1%          2
 Gell's Gravitas          Tloc           28%        N/A       1%          3
 Teleport Other           Tloc           28%        N/A       1%          3
 Animate Dead             Necr           43%        N/A       1%          4
 Swiftness                Air            21%        N/A       3%          3
 Passage of Golubria      Tloc           28%        N/A       3%          4
 Mercury Vapours          Alch/Air       24%        N/A       7%          2
 Foxfire                  Conj/Fire      16%        2x1d4     21%         1
 Freeze                   Ice            16%        1d4       21%         1
 Magic Dart               Conj           16%        1d3       21%         1
 Sting                    Conj/Alch      16%        1d4       21%         1
 Summon Small Mammal      Summ           16%        N/A       21%         1
 Lee's Rapid Deconstruct  Erth           11%        3d8*      22%         5
 Mephitic Cloud           Conj/Alch/Air  9%         N/A       24%         3
 Dimensional Bullseye     Hex/Tloc       8%         N/A       26%         4
 Iskenderun's Mystic Bla  Conj/Tloc      16%        2d5       26%         4
 Call Imp                 Summ           8%         N/A       32%         2
 Ensorcelled Hibernation  Hex/Ice        8%         N/A       32%         2
 Jinxbite                 Hex            8%         N/A       32%         2
 Brom's Barrelling Bould  Conj/Erth      13%        2d4       38%         4
 Leda's Liquefaction      Alch/Erth      6%         N/A       38%         4
 Petrify                  Alch/Erth      13%        N/A       38%         4
 Summon Lightning Spire   Summ/Air       12%        N/A       45%         4
 Dispersal                Tloc           14%        N/A       47%         6
 Call Canine Familiar     Summ           4%         N/A       54%         3
 Frozen Ramparts          Ice            8%         1d2       54%         3
 Hailstorm                Conj/Ice       4%         3d5       54%         3
 Inner Flame              Hex/Fire       4%         N/A       54%         3
 Ozocubu's Armour         Ice            4%         N/A       54%         3
 Sigil of Binding         Hex            4%         N/A       54%         3
 Tukima's Dance           Hex            4%         N/A       54%         3
 Summon Forest            Summ/Tloc      8%         N/A       61%         5
 Arcjolt                  Conj/Air       6%         1d16      82%         5
 Flame Wave               Conj/Fire      4%         2d5       92%         4
 Ignite Poison            Fire/Alch      4%         N/A       92%         4
 Freezing Cloud           Conj/Ice/Air   4%         6-21      93%         5
 Fireball                 Conj/Fire      2%         3d4       99%         5
 Irradiate                Conj/Alch      2%         3d12      99%         5
 Iskenderun's Battlesphe  Conj           4%         2d6       99%         5
 Summon Mana Viper        Hex/Summ       4%         N/A       99%         5
 Yara's Violent Unravell  Hex/Alch       2%         3d3       99%         5
 Bombard                  Conj/Erth      6%         9d2       100%        6
 Conjure Ball Lightning   Conj/Air       6%         3x3d6     100%        6
 Eringya's Noxious Bog    Alch           2%         4d6       100%        6
 Sculpt Simulacrum        Ice/Alch       2%         N/A       100%        6
 Starburst                Conj/Fire      2%         6d3       100%        6
 Summon Cactus Giant      Summ           2%         N/A       100%        6
 Enfeeble                 Hex            2%         N/A       100%        7
 Haunt                    Necr/Summ      11%        N/A       100%        7
 Malign Gateway           Summ/Tloc      8%         N/A       100%        7
 Orb of Destruction       Conj           2%         9d5       100%        7
 Ozocubu's Refrigeration  Ice            2%         4d7       100%        7
 Summon Hydra             Summ           2%         N/A       100%        7
 Infestation              Necr           21%        N/A       90%         8
 Disjunction              Tloc           14%        N/A       100%        8
 Lehudib's Crystal Spear  Conj/Erth      6%         10d3      100%        8
 Maxwell's Capacitive Co  Air            10%        ∞         100%        8
 Summon Horrible Things   Summ           2%         N/A       100%        8
 Chain Lightning          Conj/Air       6%         3d8       100%        9
 Fire Storm               Conj/Fire      2%         8d1       100%        9
 Polar Vortex             Ice            2%         N/A       100%        9
 Shatter                  Erth           11%        3d12*     100%        9


Dungeon Overview and Level Annotations

Branches:
Dungeon (15/15)            Temple (1/1) D:7            Lair (5/5) D:10
 Shoals (4/4) Lair:2       Spider (4/4) Lair:2        Slime (5/5) Lair:5
    Orc (2/2) D:12            Elf (3/3) Orc:2        Vaults (5/5) D:13
  Crypt (0/3) Vaults:2     Depths (4/4) D:15            Zot (5/5) Depths:4
  Sewer (visited)          Bailey (visited)         Gauntlet (visited)

Altars:
Ashenzari
Cheibriados
Dithmenos
Elyvilon
Fedhas
Gozag
Hepliaklqana
Kikubaaqudgha
Makhleb
Nemelex Xobeh
Okawaru
Qazlal
Ru
Sif Muna
Trog
Uskayaw
Vehumet
Wu Jian
Xom
Yredelemnul
Zin
The Shining One
Beogh
Jiyva

Shops:
D:6 *   D:7 *   D:8 [[(*   D:9 :   D:12 ?   Orc:1 !   Orc:2 (=*(   Elf:1 =
Elf:2 *   Elf:3 *!   Vaults:1 (   Vaults:4 :   Depths:4 :=:

Portals:
Hell: Depths:1 Depths:2 Depths:3 Depths:4
Abyss: Depths:1 Depths:2 Depths:3
Pandemonium: Depths:1 Depths:2 Depths:3
Ziggurat: Depths:3
Trove: Vaults:1 (give +5 fire dragon scales)

Annotations:
D:5 3 runed translucent doors, Videorelaxant888's ghost, novice TeAE
D:7 2 runed translucent doors
D:14 Roxanne
Lair:2 exclusion: downstairs
Lair:3 exclusion: ice statue
Spider:3 1 runed translucent door, Fogaerej's ghost, adept AtBe
Elf:2 3 runed translucent doors
Vaults:2 3 runed translucent doors
Vaults:3 2 transporters, Feshunla's ghost, adept KoEn
Depths:1 exclusion: obsidian statue
Depths:3 3 runed translucent doors, Soteoser's ghost, veteran MiBe
Zot:1 7 transporters
Zot:5 1 exclusion
Abyss:1 Royal Jelly; Vv


Innate Abilities, Weirdness & Mutations

Your spellcasting is much less encumbered by armour.
You can use scrolls of enchantment on lesser artefacts.
Your flesh is cold resistant. (rC+)
You are frail. (-10% HP)
Your magical capacity is low. (-10% MP)
Your spells are a little easier to cast, but a little less powerful.
You occasionally lose the ability to read scrolls when taking damage.


Message History

There is a stone staircase leading down here.
Things that are here:
a +0 club; a gnoll skeleton
There is a stone staircase leading up, spattered with blood here.
You climb upwards.
There is a stone staircase leading down, spattered with blood here.
You see here a rat skeleton.
There is a stone staircase leading up here.
You climb upwards.
There is a stone staircase leading down here.
There is a stone staircase leading up here.
You climb upwards.
There is a stone staircase leading down here.
An Ice Fiend comes into view.
You impale the Ice Fiend!!
Space warps horribly around the Ice Fiend!
You impale the Ice Fiend!!
The Ice Fiend is devoured by a tear in reality.
No target in view!
No target in view!
There are no items here.
Unknown command.
(D) Dungeon (T) Temple (L) Lair (A) Shoals (N) Spider Nest (M) Slime Pits (O) Orcish Mines (E) Elven Halls (V) Vaults (C) Crypt (U) Depths (H) Hell (Z) Zot
Where to? (Tab/Enter - D:1 @ (x,y), ? - help) As you open the door, it creaks loudly!
An Orb Guardian comes into view.
There is an open door here.
You hit the Orb Guardian.
Space warps around the Orb Guardian!
You puncture the Orb Guardian!
The Orb Guardian blinks!
You puncture the Orb Guardian!
The Orb Guardian blinks!
You impale the Orb Guardian!!
The Orb Guardian is devoured by a tear in reality.
Training target 22.0 for Armour reached!
Your Armour skill increases to level 22!
You need to enable at least one skill for training.
There is a staircase leading out of the dungeon here.
You have escaped!

....#######...........# #.
.........##...........# #.
.........##...........# #.
.........##...........# #.
........##..####'###############.
........##.##.......#............
.###....##.##.ß.ß.ß.#.###########
.# #....##.##§§§....#.# .#
#....##..+§ß.@.ß.+.# .#
#....##.##.......#.# .#
#######.##.ß.ß.ß.#.# .#
#.##.......#.# ## #.#####'####.#
#.......# #.# #####..## #.#
#...## #.# #.########.#


There were no monsters in sight!

Vanquished Creatures
  2 dread liches (Zot:5)
  5 orbs of fire (Zot:5)
  2 juggernauts
  A Killer Klown (Zot:3)
  3 curse toes
  2 caustic shrikes
  Arachne (Spider:3)
  6 golden dragons
  The ghost of Ciogeq the Sorcerer, an adept DECj of Vehumet (Vaults:1)
  2 electric golems (Zot:5)
  Rupert (Spider:1)
  11 tentacled monstrosities
  A Hell Sentinel (Zot:1)
  5 quicksilver dragons
  17 Orb Guardians
  A titan (Vaults:5)
  2 deep elf blademasters (Elf:3)
  3 liches
  12 acid blobs
  3 sphinxes
  2 deep elf master archers (Elf:3)
  5 death cobs
  14 storm dragons
  4 tengu reavers
  4 shadow dragons
  Aizul (Spider:1)
  4 azure jellies
  Kirke (D:13)
  3 draconian monks (Zot:1)
  8 rockslimes
  The ghost of Pyemaest the Impaler, an adept MfGl of Makhleb (Spider:4)
  4 draconian knights
  4 protean progenitors
  4 draconian scorchers
  2 emperor scorpions
  16 vault wardens
  2 deep elf sorcerers (Elf:3)
  An iron dragon (Vaults:5)
  A balrug (Depths:2)
  7 draconian shifters
  11 frost giants
  5 fire giants
  An orc warlord (Orc:2)
  3 deep elf elementalists (Elf:3)
  A draconian stormcaller (Depths:4)
  A cacodemon (Depths:1)
  3 ghost moths
  A curse skull (Vaults:2)
  A spriggan defender (Depths:2)
  5 formless jellyfish
  13 ironbound preservers
  5 quicksilver oozes
  5 draconian annihilators
  9 stone giants
  10 very ugly things
  4 ironbound thunderhulks
  4 deep elf annihilators
  7 deep elf demonologists
  4 purple draconians
  7 dire elephants
  7 green draconians
  14 black draconians
  9 deep elf death magi
  12 spark wasps
  9 yellow draconians
  A minotaur (Gauntlet)
  9 red draconians
  A war gargoyle (Vaults:5)
  9 white draconians
  5 ettins
  An eidolon (Vaults:2)
  A blizzard demon (Abyss:3)
  4 merfolk javelineers (Shoals:4)
  14 merfolk impalers
  2 fire dragons
  3 entropy weavers
  2 rakshasas
  11 yaktaur captains
  9 ice dragons
  10 hydras
  2 alligator snapping turtles (Shoals:1)
  6 deep elf high priests
  3 hell beasts
  2 jorogumos
  3 ogre magi
  12 great orbs of eyes
  29 vault guards
  2 catoblepae
  9 ironbound frosthearts
  3 merfolk avatars
  3 radroaches
  2 spriggan air magi
  14 two-headed ogres
  7 boulder beetles
  11 centaur warriors
  A death knight (D:9)
  11 dancing weapons
  4 satyrs
  A spectral human (Vaults:1)
  3 merfolk aquamancers (Shoals:4)
  7 death yaks
  4 deep troll shamans
  8 tengu warriors
  3 demonic crawlers
  7 hell hogs (Depths:2)
  2 vampire magi
  4 deep troll earth magi
  A thrashing horror (Abyss:3)
  6 spriggan berserkers
  A death scarab (Spider:2)
  An occultist (D:15)
  4 orc high priests
  12 hell knights
  5 soul eaters
  9 deep elf knights
  A sun demon (Depths:2)
  6 skysharks
  A shadow wraith (Vaults:1)
  A skyshark (shapeshifter) (Depths:2)
  Lodul (D:13)
  7 iron trolls
  A sixfirhy (Depths:1)
  A wretched star (Abyss:3)
  A sun moth (Spider:1)
  2 salamander mystics (Depths:2)
  2 glowing orange brains
  5 pharaoh ants
  5 orb spiders
  42 deep trolls
  2 cherubim (Shoals:4)
  2 flayed ghosts
  6 arcanists
  10 sea snakes
  5 orc knights
  9 deep elf archers
  3 phantasmal warriors
  6 lindwurms
  36 deep elf pyromancers
  19 ironbound convokers
  4 thermic dynamos
  10 necromancers
  6 steelbarb worms
  32 harpies
  A glowing shapeshifter (Vaults:5)
  3 shining eyes
  20 wolf spiders
  10 fauns
  15 deep elf zephyrmancers
  22 ugly things
  A wolf spider (shapeshifter) (Vaults:5)
  7 cyclopes
  6 orc sorcerers
  A stone giant zombie (Vaults:1)
  A wolf spider zombie (D:15)
  2 large abominations (Abyss:3)
  A fire giant zombie (Vaults:1)
  A frost giant zombie (Depths:1)
  An iron dragon skeleton (Depths:1)
  6 salamanders
  18 elephants
  11 manticores
  2 fire giant skeletons (Depths:1)
  A rust devil (Depths:1)
  9 meliai
  2 centaur zombies (D:15)
  4 human skeletons
  17 vault sentinels
  28 moths of wrath
  8 kobold blastminers
  7 black mambas
  11 merfolk sirens
  4 torpor snails
  4 eyes of devastation
  A guardian serpent (shapeshifter) (Depths:3)
  4 water nymphs
  3 smoke demons
  2 gargoyles (Gauntlet)
  A centaur skeleton (Abyss:3)
  11 cane toads
  An ice statue (Gauntlet)
  2 molten gargoyles (Gauntlet)
  5 unseen horrors (D:10)
  An unseen horror (shapeshifter) (Vaults:5)
  Maggie (Lair:1)
  An efreet (D:15)
  22 yaktaurs
  3 kobold demonologists
  5 rime drakes
  2 freezing wraiths
  7 komodo dragons
  A tormentor (Zot:5)
  A yaktaur skeleton (Vaults:1)
  2 tengu conjurers
  5 trolls
  A queen bee (shapeshifter) (D:13)
  2 hellwings
  6 wind drakes
  24 merfolk
  8 polar bears
  7 hornets
  18 tarantellas
  A raiju (Abyss:3)
  9 dream sheep
  15 blink frogs
  2 glass eyes
  13 snapping turtles
  79 slime creatures
  17 jumping spiders
  Sigmund (D:6)
  A centaur simulacrum (D:15)
  5 water elementals
  10 culicivoras
  3 spriggans
  4 wyverns
  A vampire (D:12)
  4 shadows
  4 fire elementals
  4 hogs (D:13)
  13 fire bats (D:12)
  2 ynoxinuls (Abyss:3)
  46 yaks
  A spriggan skeleton (Depths:1)
  11 wraiths
  A human (shapeshifter) (D:14)
  A warg (Orc:1)
  Grum (Lair:1)
  44 redbacks
  2 chaos spawn
  14 golden eyes
  7 steam dragons
  2 human simulacra (Vaults:1)
  11 basilisks
  3 human zombies
  12 vampire mosquitoes
  2 acid dragons (D:13)
  A glowing shapeshifter zombie (Vaults:1)
  20 water moccasins
  28 orc warriors
  A sky beast (shapeshifter) (Elf:2)
  6 ice beasts
  A laughing skull (Abyss:3)
  4 black bears
  A deep troll simulacrum (Vaults:1)
  A small abomination (Abyss:3)
  14 ogres
  10 wolves
  4 boggarts (Vaults:1)
  8 centaurs
  A phantom (D:5)
  2 weeping skulls (Abyss:3)
  12 kobold brigands
  A gnoll sergeant (D:9)
  16 bullfrogs
  3 scorpions
  2 earth elementals
  16 wights
  12 killer bees
  4 howler monkeys
  2 crimson imps (D:12)
  4 jellies
  A quasit (Abyss:3)
  3 bombardier beetles
  5 gnoll boudas
  12 orc priests
  3 hounds
  17 orc wizards
  A sleepcap (D:8)
  5 iguanas
  24 gnolls
  10 adders
  A shadow imp (D:7)
  6 white imps
  2 ufetubi (D:12)
  23 dart slugs
  58 orcs
  18 ball pythons
  8 endoplasms
  11 giant cockroaches
  6 goblins
  10 hobgoblins
  6 jackals (D:3)
  36 kobolds
  3 quokkas
  69 bats
  9 frilled lizards
  6 rats
  5 aspiring fleshes
2079 creatures vanquished.

Vanquished Creatures (collateral kills)
  2 Killer Klowns (Zot:5)
  A caustic shrike (Depths:4)
  Norris (Depths:3)
  2 tentacled monstrosities
  Asterion (Spider:1)
  5 Orb Guardians (Zot:5)
  2 acid blobs
  A shadow dragon (Depths:3)
  2 tengu reavers
  An azure jelly (Slime:5)
  Donald (Shoals:1)
  A daeva (Shoals:4)
  3 fire giants
  A deep elf elementalist (Elf:3)
  A draconian stormcaller (Zot:3)
  An ironbound preserver (Vaults:5)
  2 quicksilver oozes (Slime:5)
  A formless jellyfish (Slime:2)
  An ironbound thunderhulk (Vaults:4)
  A green draconian (Zot:5)
  2 white draconians
  3 red draconians
  A yellow draconian (Zot:3)
  A black draconian (Zot:3)
  A spark wasp (Depths:3)
  A purple draconian (Zot:5)
  An ettin (Depths:3)
  A great orb of eyes (Slime:4)
  3 vault guards (Vaults:5)
  An alligator (Zot:4)
  A rakshasa (D:15)
  A merfolk aquamancer (Shoals:3)
  2 two-headed ogres
  2 deep troll shamans
  A deep troll earth mage (Depths:3)
  A spriggan berserker (Depths:4)
  2 hell knights (Depths:1)
  4 iron trolls
  A skyshark (Depths:3)
  A sea snake (Lair:5)
  4 deep trolls
  An ironbound convoker (Vaults:5)
  A deep elf pyromancer (D:9)
  A phantasmal warrior (Vaults:5)
  A faun (Zot:3)
  A wolf spider (Spider:1)
  A moth of wrath (Zot:5)
  A black mamba (Lair:2)
  2 komodo dragons (Lair:5)
  A yaktaur (D:14)
  A troll (D:9)
  2 tarantellas
  A snapping turtle (Zot:3)
  2 jumping spiders
  8 slime creatures
  A wyvern (Lair:1)
  6 yaks (Lair:5)
  A basilisk (Lair:5)
  3 redbacks
  2 orc warriors (D:9)
  A wolf (Lair:5)
  An orc wizard (D:9)
105 creatures vanquished.

Vanquished Creatures (others)
  A lich (Vaults:1)
  A storm dragon (Zot:1)
  A merfolk javelineer (Shoals:4)
  A two-headed ogre (D:9)
  A skyshark (Lair:5)
  A deep elf zephyrmancer (Elf:1)
  A cyclops (D:9)
  A water elemental (Elf:3)
  A redback (Spider:3)
9 creatures vanquished.

Grand Total: 2193 creatures vanquished

Notes
Turn   | Place    | Note
-------+----------+-------------------------------------------
     0 | D:1      | ragingrage the Mountain Dwarf Monk began the quest for the
                  | Orb.
     0 | D:1      | Reached XP level 1. HP: 19/19 MP: 1/1
   353 | D:1      | Reached XP level 2. HP: 14/26 MP: 2/2
  1058 | D:2      | Reached skill level 5 in Axes
  1262 | D:2      | Reached XP level 3. HP: 29/31 MP: 3/3
  1456 | D:3      | Found a glowing silver altar of Zin.
  1612 | D:3      | Found a faded altar of an unknown god.
  1684 | D:3      | Reached XP level 4. HP: 35/38 MP: 4/4
  2339 | D:3      | Reached skill level 1 in Evocations
  2493 | D:4      | Reached XP level 5. HP: 40/45 MP: 5/5
  2870 | D:4      | Found a blossoming altar of Fedhas.
  3050 | D:4      | Reached XP level 6. HP: 46/51 MP: 6/6
  3713 | D:5      | Entered Level 5 of the Dungeon
  3728 | D:5      | Found a runed translucent gate.
  3728 | D:5      | Found a runed translucent gate.
  3728 | D:5      | Found a runed translucent gate.
  3729 | D:5      | Noticed Videorelaxant888's ghost (novice TeAE)
  3756 | D:5      | Found a glowing drain.
  3788 | D:5      | Reached XP level 7. HP: 53/57 MP: 7/7
  3811 | Sewer    | Entered a sewer
  4053 | Sewer    | Reached skill level 10 in Axes
  4650 | D:5      | Reached XP level 8. HP: 41/63 MP: 8/8
  5053 | D:6      | Noticed Sigmund
  5064 | D:6      | Killed Sigmund
  5228 | D:6      | Found Buppouwk's Specific Store.
  5233 | D:6      | Found Soadoste's General Store.
  5237 | D:6      | Bought a scroll of revelation for 90 gold pieces
  5241 | D:6      | Bought 2 potions of heal wounds for 130 gold pieces
  5497 | D:7      | Reached XP level 9. HP: 52/70 MP: 9/9
  5604 | D:7      | Reached skill level 1 in Maces & Flails
  5678 | D:7      | Found Udul's Assorted Antiques.
  5686 | D:7      | Bought a bubbling inky potion for 30 gold pieces
  5700 | D:7      | Found a flagged portal.
  5717 | Bailey   | Entered a bailey
  5746 | Bailey   | Reached skill level 5 in Maces & Flails
  5918 | Bailey   | Found the +7 great mace "Undeadhunter" {deathbane, rN+}
  5923 | Bailey   | Found a burning altar of Makhleb.
  5988 | Bailey   | Became a worshipper of Makhleb the Destroyer
  5988 | Bailey   | Reached * piety under Makhleb
  5988 | Bailey   | Reached ** piety under Makhleb
  6018 | D:7      | Found a large runed translucent door.
  6030 | D:7      | Found an opulent altar of Gozag.
  6197 | D:7      | Found a staircase to the Ecumenical Temple.
  6205 | Temple   | Entered the Ecumenical Temple
  6241 | D:7      | Found a large runed translucent door.
  6241 | D:7      | Found a large runed translucent door.
  6273 | D:7      | Found a large runed translucent door.
  6463 | D:7      | Noticed a two-headed ogre
  6522 | D:7      | Killed a two-headed ogre
  6523 | D:7      | Reached XP level 10. HP: 54/77 MP: 10/10
  6633 | D:7      | Reached skill level 10 in Maces & Flails
  6717 | D:7      | Identified the amulet "Lealisir" {RegenMP rPois MP+9}
  6944 | D:8      | Found Qamelim's Antique Armour Boutique.
  6949 | D:8      | Bought a heavily runed scale mail for 315 gold pieces
  6949 | D:8      | Identified the +1 scale mail of the Grand Wumpus {rN+
                  | Regen+ Dex-3 SInv} (You bought it in a shop on level 8 of
                  | the Dungeon)
  7164 | D:8      | Found Fycory Cime's Armour Shop.
  7261 | D:8      | Reached skill level 1 in Armour
  7261 | D:8      | Reached skill level 1 in Invocations
  7398 | D:8      | Reached skill level 2 in Invocations
  7501 | D:8      | Found Hasu Rai's Assorted Antiques.
  7505 | D:8      | Bought a pink potion for 17 gold pieces
  7698 | D:8      | Found Raloeqaz's Antique Weapon Boutique.
  7731 | D:8      | Reached skill level 3 in Invocations
  7753 | D:8      | Found a shadowy altar of Dithmenos.
  7887 | D:9      | Reached skill level 4 in Invocations
  7905 | D:8      | Reached skill level 5 in Fighting
  8048 | D:9      | Noticed a deep elf pyromancer
  8057 | D:9      | Killed a deep elf pyromancer
  8058 | D:9      | Reached skill level 5 in Invocations
  8058 | D:9      | Reached XP level 11. HP: 25/88 MP: 14/14
  8063 | D:9      | Reached *** piety under Makhleb
  8142 | D:9      | Found an opulent altar of Gozag.
  8165 | D:9      | Noticed a centaur warrior
  8178 | D:9      | Killed a centaur warrior
  8179 | D:9      | Reached skill level 5 in Armour
  8179 | D:9      | Reached skill level 6 in Invocations
  8206 | D:9      | Noticed a two-headed ogre
  8207 | D:9      | Noticed a centaur warrior
  8224 | D:9      | Killed a centaur warrior
  8227 | D:9      | Noticed a centaur warrior
  8238 | D:9      | Killed a centaur warrior
  8239 | D:9      | Reached skill level 7 in Invocations
  8263 | D:9      | Found a shimmering altar of Xom.
  8263 | D:9      | Found an iron altar of Okawaru.
  8263 | D:9      | Found a white marble altar of Elyvilon.
  8274 | D:9      | Noticed a purple ugly thing
  8279 | D:9      | Noticed a death knight
  8292 | D:9      | Killed a purple ugly thing
  8300 | D:9      | Killed a death knight
  8322 | D:9      | Paralysed by a hornet for 3 turns
  8498 | D:9      | Noticed a seven-headed hydra
  8510 | D:9      | Found Wetaifaf's Book Boutique.
  8544 | D:9      | Paralysed by a hornet for 1 turns
  8567 | D:10     | Entered Level 10 of the Dungeon
  8567 | D:10     | Noticed a two-headed ogre
  8616 | D:9      | Noticed a deep elf pyromancer
  8637 | D:9      | Killed a deep elf pyromancer
  8638 | D:9      | Reached skill level 8 in Invocations
  8695 | D:9      | Noticed a two-headed ogre
  8704 | D:9      | Killed a two-headed ogre
  9200 | D:10     | Reached **** piety under Makhleb
  9252 | D:10     | Found a staircase to the Lair.
  9314 | D:10     | Noticed a two-headed ogre
  9346 | D:10     | Found a radiant altar of Vehumet.
  9368 | D:10     | Reached XP level 12. HP: 99/102 MP: 18/18
  9403 | D:10     | Noticed a two-headed ogre
  9413 | D:10     | Killed a two-headed ogre
  9414 | D:10     | Reached skill level 9 in Invocations
  9637 | D:10     | Identified the +6 spear of the Illusory Mystics {heavy,
                  | Str+3}
  9691 | D:10     | Killed a two-headed ogre
  9820 | D:10     | Killed a two-headed ogre
 10178 | Lair:1   | Entered Level 1 of the Lair of Beasts
 10252 | Lair:1   | Noticed Maggie
 10271 | Lair:1   | Killed Maggie
 10529 | Lair:1   | Reached skill level 10 in Fighting
 10671 | Lair:1   | Reached skill level 10 in Armour
 10738 | Lair:1   | Noticed Grum
 10748 | Lair:1   | Killed Grum
 11061 | Lair:2   | Noticed a seven-headed hydra
 11081 | Lair:1   | Killed a seven-headed hydra
 11370 | Lair:2   | Reached skill level 10 in Invocations
 11419 | Lair:2   | Noticed a four-headed hydra
 11419 | Lair:2   | Noticed a six-headed hydra
 11422 | Lair:2   | Killed a four-headed hydra
 11425 | Lair:2   | Killed a six-headed hydra
 11426 | Lair:2   | Reached XP level 13. HP: 82/115 MP: 20/20
 11622 | Lair:2   | Reached skill level 1 in Shields
 11847 | Lair:2   | Found a staircase to the Shoals.
 12019 | Lair:2   | Found a hole to the Spider Nest.
 12381 | Lair:3   | Reached skill level 11 in Invocations
 12395 | Lair:3   | Reached ***** piety under Makhleb
 12658 | Lair:3   | Reached skill level 1 in Throwing
 12946 | Lair:3   | Noticed a dire elephant
 13009 | Lair:4   | Reached skill level 12 in Invocations
 13122 | Lair:4   | Reached skill level 5 in Shields
 13815 | Lair:5   | Entered Level 5 of the Lair of Beasts
 13846 | Lair:5   | Reached XP level 14. HP: 121/127 MP: 23/23
 13915 | Lair:5   | Reached skill level 13 in Invocations
 14511 | Lair:5   | Reached skill level 14 in Invocations
 14631 | Lair:5   | Reached ****** piety under Makhleb
 14806 | Lair:5   | Identified the +12 trident of the Decaying God {pain, rElec
                  | rPois Int-5 Stlth+}
 15002 | Lair:5   | Found a viscous altar of Jiyva.
 15002 | Lair:5   | Found a staircase to the Slime Pits.
 15192 | Lair:3   | Reached skill level 15 in Invocations
 15698 | Lair:3   | Learned a level 1 spell: Apportation
 16813 | D:12     | Found Asmez's Magic Scroll Shoppe.
 16874 | D:12     | Reached skill level 5 in Evocations
 17057 | D:12     | Found a staircase to the Orcish Mines.
 17330 | D:12     | Found a runed translucent door.
 17354 | D:12     | Found a sparkling altar of Nemelex Xobeh.
 17417 | D:12     | Found a basalt altar of Yredelemnul.
 17419 | D:12     | Found a snail-covered altar of Cheibriados.
 17488 | D:12     | Found an ornate altar of the Wu Jian Council.
 17538 | D:12     | Found a snail-covered altar of Cheibriados.
 17599 | D:12     | Found an ornate altar of the Wu Jian Council.
 17815 | D:12     | Reached skill level 5 in Throwing
 18041 | D:13     | Noticed Kirke
 18080 | D:13     | Reached XP level 15. HP: 139/139 MP: 26/26
 18087 | D:13     | Killed Kirke
 18383 | D:13     | Found a gate to the Vaults.
 18385 | D:13     | Identified the +1 ring mail "Umimoih" {+Inv rC- Str+3
                  | Dex+4}
 18411 | D:13     | Identified a scroll of acquirement
 18468 | D:13     | Acquired a manual of Evocations
 18892 | D:13     | Noticed Lodul
 18988 | D:13     | Killed Lodul
 18989 | D:13     | Reached skill level 16 in Invocations
 19412 | D:13     | Reached skill level 1 in Polearms
 19624 | D:14     | Found a white marble altar of Elyvilon.
 19685 | D:14     | Found a gate leading to a gauntlet.
 19708 | Gauntlet | Entered a Gauntlet
 19708 | Gauntlet | Found a transporter.
 19717 | Gauntlet | Found a transporter.
 19732 | Gauntlet | Found a transporter.
 19737 | Gauntlet | Found a transporter.
 19756 | Gauntlet | Found a transporter.
 19772 | Gauntlet | Found a transporter.
 19784 | Gauntlet | Found a transporter.
 19796 | Gauntlet | Found a transporter.
 19802 | Gauntlet | Found a transporter.
 19802 | Gauntlet | Found a transporter.
 19821 | Gauntlet | Found a transporter.
 19833 | Gauntlet | Found a transporter.
 19850 | Gauntlet | Found a transporter.
 19867 | Gauntlet | Found a transporter.
 19869 | Gauntlet | Found a transporter.
 19894 | Gauntlet | Found a transporter.
 19896 | Gauntlet | Found a transporter.
 19918 | Gauntlet | Found a transporter.
 20284 | Gauntlet | Reached skill level 15 in Fighting
 20303 | Gauntlet | Identified the +2 pair of gloves of the Spheres {Rampage
                  | rElec rPois rC-}
 20348 | Gauntlet | Identified the +1 cloak of Tozojyin {Fly Dex+4}
 20444 | Gauntlet | Identified the +2 glaive "Femytz" {flame, Will+}
 20445 | Gauntlet | Got Golubria's Codex of Orientation
 21078 | D:14     | Found an iron altar of Okawaru.
 21155 | D:14     | Noticed Roxanne
 21452 | D:15     | Entered Level 15 of the Dungeon
 21581 | Orc:1    | Entered Level 1 of the Orcish Mines
 21681 | Orc:1    | Found Useemit's Distillery.
 21749 | Orc:1    | Bought a potion of haste for 160 gold pieces
 21749 | Orc:1    | Bought a potion of invisibility for 128 gold pieces
 21749 | Orc:1    | Bought a potion of degeneration for 16 gold pieces
 21861 | Orc:1    | Reached skill level 5 in Polearms
 22053 | Orc:2    | Entered Level 2 of the Orcish Mines
 22467 | Orc:2    | Found a roughly hewn altar of Beogh.
 22552 | Orc:2    | Found a staircase to the Elven Halls.
 22850 | Orc:2    | Reached skill level 10 in Evocations
 23142 | Orc:2    | Found Tuov's Antique Weapon Shop.
 23489 | Orc:2    | Found Nagisef's General Store.
 23496 | Orc:2    | Bought a scroll of identify for 24 gold pieces
 23497 | Orc:2    | Found Noalaont's Weapon Emporium.
 23499 | Orc:2    | Found Ziuriom's Jewellery Shop.
 23847 | D:14     | Reached XP level 16. HP: 125/149 MP: 28/28
 25174 | D:15     | Found a staircase to the Depths.
 25360 | D:15     | Found a shimmering blue altar of Sif Muna.
 25553 | Spider:1 | Entered Level 1 of the Spider Nest
 25627 | Spider:1 | Got the Atlas of the Wind and Pyromania
 25744 | Spider:1 | Identified the serpent talisman of Rurhus {Str+5}
 25744 | Spider:1 | Noticed Aizul
 25768 | Spider:1 | Killed Aizul
 25775 | Spider:1 | Reached skill level 10 in Polearms
 25819 | Spider:1 | Learned a level 3 spell: Passwall
 25834 | Spider:1 | Noticed Rupert
 25849 | Spider:1 | Killed Rupert
 26090 | Spider:1 | Noticed Asterion
 26092 | Spider:1 | Noticed an Executioner
 26505 | Spider:1 | Killed Asterion
 27064 | Spider:3 | Found a runed translucent door.
 27064 | Spider:3 | Noticed Fogaerej's ghost (adept AtBe)
 27174 | Spider:3 | Reached skill level 1 in Earth Magic
 27221 | Spider:4 | Entered Level 4 of the Spider Nest
 27599 | Spider:3 | Reached XP level 17. HP: 106/156 MP: 29/29
 27896 | Spider:3 | Identified the +2 troll leather armour of Doti {rF++ Regen+
                  | Stlth+}
 28480 | Spider:4 | Learned a level 4 spell: Vhi's Electric Charge
 28518 | Spider:4 | Noticed Arachne
 28602 | Spider:3 | Killed Arachne
 29664 | Shoals:1 | Entered Level 1 of the Shoals
 29714 | Shoals:1 | Identified the +5 chain mail "Codydagh" {rF+}
 29716 | Shoals:1 | Noticed Donald
 30054 | Shoals:1 | Reached skill level 5 in Earth Magic
 30656 | Shoals:2 | Identified the +0 trident "Fiodun" {vamp, Int+5}
 31612 | Shoals:1 | Killed Donald
 32722 | Shoals:3 | Paralysed by a formless jellyfish for 1 turns
 32937 | Shoals:4 | Entered Level 4 of the Shoals
 33172 | Shoals:4 | Reached XP level 18. HP: 170/170 MP: 30/30
 33379 | Shoals:4 | Found a white marble altar of Elyvilon.
 33475 | Shoals:4 | Reached skill level 1 in Necromancy
 33705 | Shoals:4 | Identified the +5 hand axe "Sugeza" {freeze, rElec rN+
                  | Str+2 Dex+2}
 33776 | Shoals:4 | Got Sif Muna's Precepts of Geological Haze
 33812 | Shoals:4 | Identified the +9 war axe of Nemelex Xobeh's Esteem {flame,
                  | *Rage +Blink Dex+3 SInv}
 34042 | Shoals:4 | Found a glowing silver altar of Zin.
 34057 | Shoals:4 | Got a barnacled rune of Zot
 34201 | Shoals:4 | Found a glowing golden altar of the Shining One.
 34210 | Shoals:4 | Reached skill level 15 in Armour
 35185 | Spider:4 | Reached skill level 17 in Invocations
 35191 | Spider:4 | Reached skill level 15 in Evocations
 35741 | Spider:4 | Identified the +1 pair of gloves "Rutierit" {Rampage
                  | Slay+2}
 35762 | Spider:4 | Got a gossamer rune of Zot
 35921 | Spider:4 | Found a runed translucent door.
 35921 | Spider:4 | Found a shimmering altar of Xom.
 35921 | Spider:4 | Noticed Pyemaest's ghost (adept MfGl)
 35931 | Spider:4 | Learned a level 4 spell: Animate Armour
 36219 | Elf:1    | Entered Level 1 of the Elven Halls
 36617 | Elf:1    | Reached skill level 10 in Shields
 36666 | Abyss:3  | Cast into level 3 of the Abyss (deep elf knight)
 36890 | Abyss:3  | Noticed a bone dragon
 36903 | Abyss:3  | Found a corrupted altar of Lugonu.
 36993 | Elf:1    | Escaped the Abyss
 37194 | Elf:1    | Reached XP level 19. HP: 170/179 MP: 31/31
 37221 | Elf:1    | Found Ydghi's Jewellery Boutique.
 38074 | Elf:2    | Found a runed translucent gate.
 38074 | Elf:2    | Found a runed translucent gate.
 38074 | Elf:2    | Found a runed translucent gate.
 38152 | Elf:2    | Found Oprefara's General Store.
 38275 | Elf:3    | Entered Level 3 of the Elven Halls
 38315 | Elf:3    | Found a flickering gateway to a bazaar.
 38352 | Bazaar   | Entered a bazaar
 38352 | Bazaar   | Found Oleateuc's Armour Boutique.
 38359 | Bazaar   | Found Xuth's Assorted Antiques.
 38365 | Bazaar   | Found Cuyllausk's Jewellery Shoppe.
 38402 | Bazaar   | Found Voaxij's Armour Boutique.
 38439 | Bazaar   | Bought a scroll of teleportation for 39 gold pieces
 38439 | Bazaar   | Bought a scroll of teleportation for 39 gold pieces
 38439 | Bazaar   | Bought an encrusted agate ring for 65 gold pieces
 38439 | Bazaar   | Bought a scroll of teleportation for 39 gold pieces
 38439 | Bazaar   | Bought quicksilver dragon scales for 780 gold pieces
 38446 | Bazaar   | Bought the ring "Norphiwao" {Fly rF+ rCorr Str+6} for 634
                  | gold pieces
 38448 | Bazaar   | Bought the ring of Honesty {rCorr Int+3 Slay+5} for 597
                  | gold pieces
 38448 | Bazaar   | Bought the amulet "Couquewa" {Harm ^Drain Regen+ Str+4
                  | Dex+9} for 645 gold pieces
 38592 | Elf:3    | Identified the +8 war axe "Zaze" {freeze, rPois Str+3
                  | Int+2}
 38622 | Elf:3    | Found Cudyjuih's Distillery.
 38622 | Elf:3    | Found Cafepi's General Store.
 38899 | Elf:3    | Noticed a Brimstone Fiend
 39305 | Elf:3    | Identified the +0 ring mail of the Planets {rC+ Dex+3}
 39623 | Elf:3    | Identified the +0 eveningstar of Xiupruh {speed, rF- Will-
                  | rCorr MP+9}
 39757 | Elf:3    | Identified the amulet "Muup" {Faith rF+}
 39884 | Elf:3    | Identified the ring of the Uplifting Pariah {rF+ rCorr
                  | Str+4}
 40632 | Elf:3    | Identified the +7 short sword of Checks and Balances {pain,
                  | rF+ Str+2}
 41814 | Elf:3    | Learned a level 2 spell: Blink
 41816 | Elf:3    | Identified the +4 scale mail of Protective Custody {Rampage
                  | rF- Str+6 SInv}
 41817 | Elf:3    | Identified the beast talisman of Negligence {rElec Int+2}
 41822 | Elf:3    | Identified the +9 sling of Somewhere Else {heavy, rElec
                  | Str+4 Dex-5 SInv}
 41863 | Elf:3    | Reached skill level 15 in Shields
 41902 | Elf:3    | Got the Catalogue of Soot
 42389 | Elf:3    | Bought a potion of berserk rage for 100 gold pieces
 42563 | Vaults:1 | Entered Level 1 of the Vaults
 42630 | Vaults:1 | Found a portal to a secret trove of treasure.
 42812 | Vaults:1 | Reached XP level 20. HP: 191/191 MP: 32/32
 43049 | Vaults:1 | Paralysed by a sphinx for 4 turns
 43157 | Vaults:1 | Found Fuqigg's Weapon Emporium.
 43202 | Vaults:1 | Found a transporter.
 43202 | Vaults:1 | Noticed Ciogeq's ghost (adept DECj)
 43251 | Vaults:1 | Found a transporter.
 43564 | Vaults:2 | Reached skill level 18 in Invocations
 43806 | D:6      | Bought a book of Unlife for 432 gold pieces
 44737 | Vaults:2 | Reached skill level 1 in Spellcasting
 45183 | Vaults:2 | Found a runed translucent gate.
 45183 | Vaults:2 | Found a runed translucent gate.
 45184 | Vaults:2 | Found a runed translucent gate.
 45966 | Vaults:2 | Found a staircase to the Crypt.
 46154 | Vaults:3 | Reached skill level 5 in Necromancy
 46375 | Vaults:3 | Reached skill level 19 in Invocations
 46717 | Vaults:3 | Found a transporter.
 46717 | Vaults:3 | Found a transporter.
 46721 | Vaults:3 | Noticed Feshunla's ghost (adept KoEn)
 46721 | Vaults:3 | Noticed a golden dragon
 47345 | Vaults:4 | Found Vupuin's Book Shop.
 47390 | Vaults:4 | Reached XP level 21. HP: 188/201 MP: 34/34
 47527 | Vaults:4 | Reached skill level 20 in Invocations
 48925 | Spider:4 | Killed Pyemaest's ghost
 48926 | Spider:4 | Reached skill level 10 in Necromancy
 48931 | Spider:4 | Identified the +9 plate armour "Yxkorehe" {Str+3}
 49315 | Vaults:4 | Learned a level 6 spell: Death Channel
 49321 | Vaults:4 | Learned a level 5 spell: Borgnjor's Vile Clutch
 49509 | Depths:1 | Entered Level 1 of the Depths
 49628 | Depths:1 | Noticed a juggernaut
 49631 | Depths:1 | Reached skill level 1 in Translocations
 49642 | Depths:1 | Killed a juggernaut
 49707 | Depths:1 | Reached skill level 21 in Invocations
 49906 | Depths:1 | Found a one-way gate to the infinite horrors of the Abyss.
 49969 | Depths:1 | Found a gateway to Hell.
 50151 | Depths:1 | Gained mutation: Your spells are a little easier to cast,
                  | but a little less powerful. [a cacodemon]
 50152 | Depths:1 | Identified the +2 barding of the Sun {rPois rN+ Str-5}
 50158 | Depths:1 | Reached skill level 5 in Spellcasting
 50474 | Depths:1 | Found a one-way gate leading to the halls of Pandemonium.
 50622 | Depths:2 | Noticed Vv
 50646 | Depths:2 | Banished Vv
 51073 | Depths:2 | Found a sacrificial altar of Ru.
 51466 | Depths:2 | Noticed a caustic shrike
 51477 | Depths:2 | Killed a caustic shrike
 51478 | Depths:2 | Reached XP level 22. HP: 183/209 MP: 36/36
 51514 | Depths:2 | Noticed a juggernaut
 51518 | Depths:2 | Reached skill level 5 in Translocations
 51536 | Depths:2 | Killed a juggernaut
 51574 | Depths:2 | Identified the +0 pair of gloves "Naypparo" {Harm rPois
                  | Str+2}
 51580 | Depths:2 | Learned a level 3 spell: Fugue of the Fallen
 51987 | Vaults:1 | Killed Ciogeq's ghost
 52111 | Vaults:1 | Identified the +1 pair of gloves of Divine Intervention
                  | {rF+ Will+}
 52869 | Slime:1  | Entered Level 1 of the Pits of Slime
 53562 | Slime:2  | Gained mutation: Your flesh is cold resistant. (rC+) [a
                  | shining eye]
 53577 | Slime:2  | Paralysed by a formless jellyfish for 1 turns
 53640 | Slime:2  | Paralysed by a formless jellyfish for 1 turns
 54087 | Slime:3  | You are sucked into a shaft and drop 1 floor!
 54395 | Slime:5  | Entered Level 5 of the Pits of Slime
 54866 | Slime:5  | Noticed the Royal Jelly
 54880 | Slime:5  | Banished the Royal Jelly
 55075 | Slime:5  | Learned a level 4 spell: Manifold Assault
 55076 | Slime:5  | Found the +16 obsidian axe {drain, demonic, Mesm ^Drain Fly
                  | SInv}
 55078 | Slime:5  | Found a viscous altar of Jiyva.
 55121 | Slime:5  | Found the +1 robe of Vines {NoPotionHeal Regen++++}
 55202 | Slime:4  | Gained mutation: Your magical capacity is low. (-10% MP) [a
                  | shining eye]
 55701 | Vaults:5 | Entered Level 5 of the Vaults
 55788 | Vaults:5 | Got a silver rune of Zot
 56018 | Vaults:5 | Reached skill level 15 in Necromancy
 56099 | Vaults:5 | Reached XP level 23. HP: 215/215 MP: 24/33
 56141 | Vaults:5 | Reached skill level 10 in Translocations
 56146 | Vaults:5 | Identified the +7 plate armour of Efaycluc {Dex+6}
 56150 | Vaults:5 | Noticed a dread lich
 56155 | Vaults:5 | Banished a dread lich
 56166 | Vaults:5 | Identified the ring "Ygimmuoj" {rF+ rC+ rN+ Str-3 Slay+3}
 56287 | Vaults:5 | Identified the +1 trident of Skirmishing {drain, Will+
                  | Dex+5}
 56479 | Vaults:5 | Identified the +10 hand axe of the Head {speed, rPois}
 56649 | Vaults:5 | Reached skill level 5 in Dodging
 56651 | Vaults:5 | Reached skill level 1 in Air Magic
 56948 | Vaults:5 | Found the +2 pair of slick slippers {slick, slippery, EV+4}
 56949 | Vaults:5 | Identified the staff "Luimomm" {rElec MP+9 Dex+2 Air Earth}
 56974 | Vaults:5 | Identified the staff of the Toadstool {rPois rN+ rCorr
                  | Necro}
 57165 | Vaults:5 | Identified the staff "Ixkuuc" {rF+ Str+5 Fire}
 58843 | Depths:3 | Noticed Norris
 58853 | Depths:3 | Killed Norris
 59079 | Depths:3 | Identified the +2 rapier "Xishrik" {freeze, Str+3}
 59084 | Depths:3 | Found a runed translucent gate.
 59110 | Depths:3 | Found an ancient bone altar of Kikubaaqudgha.
 59205 | Depths:3 | Found a one-way gateway to a ziggurat.
 59216 | Depths:3 | Found a runed translucent gate.
 59217 | Depths:3 | Found a runed translucent gate.
 59221 | Depths:3 | Noticed an ancient lich
 59222 | Depths:3 | Noticed Soteoser's ghost (veteran MiBe)
 59274 | Depths:3 | Identified the +0 ring mail "Tepnogh" {Int+2}
 59374 | Depths:3 | You fall into a shaft and drop 1 floor!
 59374 | Depths:4 | Entered Level 4 of the Depths
 59374 | Depths:4 | Found a stormy altar of Qazlal.
 59657 | Depths:3 | Reached XP level 24. HP: 224/224 MP: 33/33
 60049 | Depths:4 | Reached skill level 5 in Air Magic
 60124 | Depths:4 | Found a gate to the Realm of Zot.
 60465 | Depths:4 | Noticed a juggernaut
 60475 | Depths:4 | Banished a juggernaut
 60642 | Depths:4 | Found Gext's Book Boutique.
 60643 | Depths:4 | Found Weunulan's Jewellery Shoppe.
 60644 | Depths:4 | Found Xuuckou's Book Boutique.
 60650 | Depths:4 | Bought a manual of Air Magic for 1280 gold pieces
 61268 | Zot:1    | Entered Level 1 of the Realm of Zot
 61439 | Zot:1    | Found a transporter.
 61451 | Zot:1    | Noticed a dread lich
 61462 | Zot:1    | Noticed an orb of fire
 61506 | Zot:1    | Found a transporter.
 61908 | Zot:1    | Found a transporter.
 61945 | Zot:1    | Found a radiant altar of Vehumet.
 62003 | Zot:1    | Found a transporter.
 62011 | Zot:1    | Found a transporter.
 62029 | Zot:1    | Reached skill level 22 in Invocations
 62029 | Zot:1    | Reached XP level 25. HP: 231/231 MP: 33/34
 62227 | Zot:1    | Found a transporter.
 62233 | Zot:1    | Found a transporter.
 63471 | Zot:2    | Reached skill level 23 in Invocations
 64083 | Zot:2    | Got A Tome of Superlative Spells
 64360 | Zot:3    | Noticed a Killer Klown
 64376 | Zot:3    | Killed a Killer Klown
 64413 | Zot:3    | Reached skill level 24 in Invocations
 64430 | Zot:3    | Reached XP level 26. HP: 239/239 MP: 18/35
 65158 | Zot:4    | Reached skill level 25 in Invocations
 66131 | Depths:4 | Bought a ring of see invisible for 225 gold pieces
 66468 | Zot:4    | Reached skill level 26 in Invocations
 67263 | Zot:5    | Entered Level 5 of the Realm of Zot
 68410 | Zot:5    | Reached skill level 27 in Invocations
 68661 | Zot:5    | Noticed an orb of fire
 68676 | Zot:5    | Killed an orb of fire
 68818 | Zot:5    | Noticed an orb of fire
 68834 | Zot:5    | Killed an orb of fire
 68962 | Zot:5    | Noticed an orb of fire
 69048 | Zot:5    | Killed an orb of fire
 69691 | Zot:5    | Noticed a dread lich
 69698 | Zot:5    | Noticed an orb of fire
 69714 | Zot:5    | Noticed an orb of fire
 69721 | Zot:5    | Killed a dread lich
 69726 | Zot:5    | Killed an orb of fire
 69734 | Zot:5    | Banished an orb of fire
 70302 | Zot:5    | Noticed an orb of fire
 70315 | Zot:5    | Banished an orb of fire
 70498 | Zot:5    | Noticed a dread lich
 70502 | Zot:5    | Killed a dread lich
 70614 | Zot:5    | Noticed an orb of fire
 70618 | Zot:5    | Banished an orb of fire
 70630 | Zot:5    | Reached XP level 27. HP: 244/254 MP: 36/36
 70689 | Zot:5    | Noticed an orb of fire
 70696 | Zot:5    | Gained mutation: You are frail. (-10% HP) [an orb of fire]
 70697 | Zot:5    | Gained mutation: You occasionally lose the ability to read
                  | scrolls when taking damage. [an orb of fire]
 70705 | Zot:5    | Killed an orb of fire
 70736 | Zot:5    | Got the Orb of Zot
 71084 | Depths:1 | Noticed Rirch the pandemonium lord
 71131 | D:15     | Noticed a seraph
 71411 | D:$      | Escaped with the Orb!

Illustrated notes

Levels and vault maps discovered:
D:1:      doesnt_arrival_eight_statues, layout_basic
D:2:      minmay_evil_eye, layout_rooms
D:3:      layout_loops_ring, zin_academy, hellmonk_ecumenical_altar_dog_temple
D:4:      kennysheep_slugbush, layout_loops_ring, fedhas_ov_isle_minmay
D:5:      layout_basic, ebering_ghost_rock_garden, portal_sewer_entry_d,
          kennysheep_boxes
D:6:      layout_basic, nicolae_specific_store, uniq_sigmund
D:7:      layout_cave_pools, nicolae_gozag_seed_capital,
          minmay_temple_entry_mini_moons, serial_shops, shop, enter_bailey_3,
          minmay_hollow_rounded_squares
D:8:      layout_basic, general_overflow_altar, serial_shops, shop, shop,
          kennysheep_mini, shop, mrwooster_statue_mirror
D:9:      minmay_the_grid_octo_tiled_octocenter [minmay_the_grid_octo_focus,
          minmay_the_grid_octo_horde, minmay_the_grid_octo_checkered,
          minmay_the_grid_octo_shrine, minmay_the_grid_octo_prize_big_c,
          minmay_the_grid_square_5x5_two_walls_a,
          minmay_the_grid_square_5x5_bracketed,
          minmay_the_grid_square_5x5_six_small,
          minmay_the_grid_square_5x5_spiral], layout_grid_maze, serial_shops,
          nicolae_shop_getting_attention
D:10:     minmay_spotlight, layout_basic, vehumet_altar_wand_db,
          lair_entry_dummy, kennysheep_opposing_triangles
D:11:     layout_basic
D:12:     due_megacathedral, layout_small_grid, david_orc_2, serial_shops, shop,
          nicolae_demonic_statue_gallery
D:13:     minmay_octagon_keep, layout_layer_cave, erik_vaults_1, uniq_kirke,
          uniq_lodul
D:14:     layout_cave_pods, hellmonk_okawaru_the_only_friend_you_need,
          gauntlet_entry_generic, elyvilon_altar_1, uniq_roxanne
D:15:     grunt_enter_depths_magical_seal, layout_layer_cave, led_sif_pool
Temple:   sentei_temple_godly_chess
Lair:1:   beast_lair_carwin_large_2, layout_regular_city, uniq_maggie, uniq_grum
Lair:2:   nzn_winding_woodlands_small [nzn_winding_woodlands_5x15_longhouse,
          nzn_winding_woodlands_center_diamonds,
          nzn_winding_woodlands_5x15_concentric], layout_loops_ring,
          minmay_shoals_entry_lonely_mermaid, spider_nest_entry_funnel_web,
          serial_bayou_pond_e, minmay_hedge_maze
Lair:3:   mu_elephants_graveyard, layout_loops_ring, ice2_lemuel
Lair:4:   layout_roguey, st_stairs_3
Lair:5:   gammafunk_lair_ancient_temple, layout_loops_ring,
          dpeg_slime_entry_enclosed, nicolae_lair_yak_garden
Shoals:1: layout_shoals, uniq_donald
Shoals:2: layout_shoals
Shoals:3: layout_shoals
Shoals:4: shoals_end_hellmonk_holy_island
Spider:1: layout_spider_delve, hellmonk_test_site, uniq_rupert, uniq_asterion,
          uniq_aizul
Spider:2: layout_spider_delve
Spider:3: layout_spider_delve, gammafunk_ghost_grave
Spider:4: grunt_spider_rune_parallel, ebering_ghost_xom, uniq_arachne
Slime:1:  layout_caves
Slime:2:  layout_caves
Slime:3:  layout_caves
Slime:4:  layout_caves
Slime:5:  slime_pit_nicolae_amoeboid
Orc:1:    layout_diamond_mine, serial_shops, shop
Orc:2:    st_orc_elflike, layout_diamond_mine, mines1_david
Elf:1:    nicolae_elf_arrival_fired_up, layout_geoelf_octagon, serial_shops,
          nicolae_shop_gaudy_bauble, nicolae_elf_crossing_hall
Elf:2:    elven_hall_of_blades_hangedman_original
          [nicolae_blade_entry_area_security], layout_onion_city, serial_shops,
          shop
Elf:3:    elf_hall, layout_loops_corners, serial_shops, freezing_bzr,
          minmay_shoptagon
Vaults:1: gammafunk_ghost_mausoleum, nicolae_vaults_taking_the_gang_shopping,
          hangedman_vaults_nails, nicolae_vaults_closet_pinwheel_4,
          nicolae_vaults_apartment_2, nicolae_vaults_shipping_containers_3,
          nicolae_vaults_border_crossing, nicolae_vaults_little_squares_5,
          nicolae_vaults_cornered_office, nicolae_vaults_mitosis,
          vaults_dpeg_ring, layout_vaults_omnibox, enter_trove_3
Vaults:2: ploomutoo_gammafunk_ghost_potion_laboratory,
          nicolae_vaults_stepped_doors, nicolae_vaults_heart-shaped_vault,
          nicolae_vaults_network_s, vaults_mumra_lcd,
          nicolae_vaults_tetromino_Z_1, minmay_crypt_entry_simple_box,
          layout_vaults_omnigrid
Vaults:3: nzn_ghost_randoct, vaults_room_semicircle,
          nicolae_vaults_trapezoid_lopsided_1, hangedman_vaults_stream,
          vaults_room_grunt_arrival_ludios, ontoclasm_vaults_misaligned,
          layout_vaults_chaotic_city, serial_glass
Vaults:4: nicolae_vaults_back_hallway, vaults_mumra_hex,
          dpeg_vaults_monster_box, hangedman_vaults_restitches,
          nicolae_vaults_ninety_degrees, v_misc_29,
          nicolae_vaults_surprise_closet, vaults_dpeg_doors,
          nicolae_vaults_little_squares_6, vaults_dpeg_hooks,
          nicolae_vaults_circle_grid_a, nicolae_vaults_hexular_roomagon,
          nicolae_vaults_tetromino_Z_1, nicolae_vaults_house_1,
          layout_vaults_ring, serial_shops, nicolae_shop_tiny_glass
Vaults:5
Depths:1: layout_big_octagon, hangedman_abyss_entry_splay, serial_rivers,
          chequers_serial_rivers_large_a, chequers_serial_rivers_large_b,
          chequers_serial_rivers_micro_d, chequers_serial_rivers_small_3,
          chequers_serial_rivers_micro_d, hellmouth_1, rand_demon_pan_entry_8,
          hangedman_devilish_allure
Depths:2: minmay_outward_triangles, layout_gridlike, hellmouth_3,
          abyss_entry_crystal, rand_demon_pan_entry_9, nicolae_lava_and_water,
          nicolae_ru_awakened_eye, uniq_vv
Depths:3: hangedman_cross_stitches, layout_twisted_cross, ziggurat_fallback,
          rand_demon_pan_entry_3, gammafunk_ghost_necromancy, hell_entry,
          abyss_entry, kiku_gazebo_garden_becter,
          infiniplex_staircase_pool_lava, uniq_margery, uniq_norris
Depths:4: grunt_zot_entry_tricorne, layout_honeycomb, grunt_hell_entry_dis_old,
          nicolae_qazlal_scattered_showers, chequers_serial_rivers_micro_c,
          minmay_misc_feat_encased, serial_bayou_lagoon_a,
          minmay_misc_feat_diagonals, minmay_shop_grove
Zot:1:    gammafunk_sealed_library, layout_cathedral_of_symmetry,
          regret_index_zotdec_plus, st_stairs_3, serial_nicolae_subway,
          nicolae_sub_station_crystal, nicolae_sub_station_metal,
          nicolae_sub_station_stone, grunt_megastairs_3
Zot:2:    kennysheep_bubbly, layout_onion_interference
Zot:3:    layout_misc_corridors, regret_index_zotdec_twisting_globes
Zot:4:    layout_misc_corridors, regret_index_zotdec_banners
Zot:5:    layout_cathedral_of_symmetry

Skill      XL: |  1  2  3  4  5  6  7  8  9 10 11 12 13 14 15 16 17 18 19 20 21 22 23 24 25 26 27 |
---------------+----------------------------------------------------------------------------------+-----
Axes           | 4 5 6 7 9 11 14 | 14.5
Evocations     | 1 2 3 4 5 11 14 15 | 15.0
Maces & Flails | 9 11 | 11.9
Armour         | 4 7 11 14 15 17 19 20 22 | 22.0
Invocations    | 5 8 10 12 15 16 17 19 21 22 24 27 | 27.0
Fighting       | 5 8 10 12 14 15 17 18 19 20 22 | 22.0
Shields        | 5 7 10 16 | 16.0
Throwing       | 3 5 6 |  6.0
Polearms       | 7 11 | 11.7
Earth Magic    | 2 5 7 8 |  8.0
Necromancy     | 2 7 11 15 16 | 16.0
Spellcasting   | 4 5 6 |  6.5
Translocations | 4 9 10 | 10.0
Dodging        | 5 |  5.0
Air Magic      | 4 6 7 |  7.0

Action                     |  1- 3 |  4- 6 |  7- 9 | 10-12 | 13-15 | 16-18 | 19-21 | 22-24 | 25-27 || total
---------------------------+-------+-------+-------+-------+-------+-------+-------+-------+-------++-------
  Melee: Hand axe          |   127 |   188 |     1 |       |       |       |       |       |       ||   316
         War axe           |       |       |   278 |   342 |   126 |       |       |       |       ||   746
         Morningstar       |       |       |   116 |   253 |  1988 |   266 |       |       |       ||  2623
         Demon trident     |       |       |       |       |       |  1504 |  1419 |  1243 |   867 ||  5033
         Unarmed           |       |       |       |       |       |       |    17 |       |       ||    17
  Throw: Boomerang         |     1 |    13 |       |     1 |       |       |       |     1 |       ||    16
         Dart              |       |       |    12 |    30 |    66 |    23 |       |       |       ||   131
   Cast: Fugue of the Fall |       |       |       |       |       |       |       |    44 |    33 ||    77
         Death Channel     |       |       |       |       |       |       |       |    39 |    33 ||    72
         Manifold Assault  |       |       |       |       |       |       |       |    31 |    38 ||    69
         Borgnjor's Vile C |       |       |       |       |       |       |       |       |     5 ||     5
 Invoke: Minor Destruction |       |       |       |     3 |    17 |     2 |     1 |       |       ||    23
         Major Destruction |       |       |       |     3 |     6 |     2 |     5 |       |       ||    16
         Lesser Servant of |       |       |       |     1 |     6 |     4 |     3 |       |     1 ||    15
         Greater Servant o |       |       |       |       |       |     1 |     2 |       |     6 ||     9
  Evoke: Wand              |       |     3 |     1 |     8 |    13 |     8 |       |       |     1 ||    34
         Sack of spiders   |       |       |       |     4 |     2 |     3 |     2 |     3 |     2 ||    16
         Lightning rod     |       |       |       |       |       |     3 |       |       |       ||     3
         Phantom mirror    |       |       |       |       |       |     5 |       |     1 |       ||     6
         Condenser vane    |       |       |       |       |       |     4 |     5 |     2 |     1 ||    12
         Phial of floods   |       |       |       |       |       |     2 |       |       |       ||     2
    Use: Scroll            |       |     6 |     5 |     4 |    13 |    10 |     3 |     2 |     5 ||    48
         Potion            |       |       |     1 |     3 |     1 |     9 |       |     5 |     9 ||    28
   Stab: Distracted        |       |       |       |     1 |     1 |       |     5 |    13 |     5 ||    25
         Held in net/web   |       |       |       |       |       |       |     1 |       |       ||     1
         Confused          |       |       |       |       |       |       |       |     2 |       ||     2
 Armour: Robe              |    58 |       |       |       |       |       |       |       |       ||    58
         Ring mail         |    23 |    91 |    65 |       |       |       |       |       |       ||   179
         Scale mail        |       |       |   251 |   627 |  1454 |    84 |       |       |       ||  2416
         Plate armour      |       |       |       |       |    70 |  1003 |   107 |   525 |   385 ||  2090
         Chain mail        |       |       |       |       |       |   195 |    57 |       |       ||   252
         Quicksilver drago |       |       |       |       |       |       |    62 |       |       ||    62
         Pearl dragon scal |       |       |       |       |       |       |   289 |    11 |       ||   300
         Skin              |       |       |       |       |       |       |     2 |       |       ||     2
  Dodge: Dodged            |    73 |    77 |   233 |   284 |  1462 |   655 |   183 |   182 |   172 ||  3321
  Block: Buckler           |       |       |       |       |   469 |   221 |       |       |       ||   690
         Kite shield       |       |       |       |       |       |   262 |   391 |   396 |   246 ||  1295
         Reflection        |       |       |       |       |       |    31 |    63 |    15 |     5 ||   114

Table legend: (Time is in decaauts)
 A = Elapsed time spent in this place.
 B = Non-inter-level travel time spent in this place.
 C = Inter-level travel time spent in this place.
 D = Time resting spent in this place.
 E = Time spent auto-exploring this place.
 F = Levels seen in this place.
 G = Mean time per level.
                   A        B        C        D        E       F      G
               +--------+--------+--------+--------+--------+-----+--------+
         Total |  69260 |  60422 |   8838 |  11238 |  34740 |  58 | 1194.1 |
       Dungeon |  18194 |  15420 |   2774 |   1416 |  10156 |  15 | 1212.9 |
        Temple |      1 |      1 |      0 |      0 |      0 |   1 |    1.0 |
          Lair |   6138 |   5221 |    917 |    586 |   2953 |   5 | 1227.6 |
        Shoals |   4907 |   4401 |    506 |    396 |   2948 |   4 | 1226.8 |
   Spider Nest |   5344 |   4521 |    823 |   1246 |   2273 |   4 | 1336.0 |
    Slime Pits |   2301 |   1971 |    330 |    362 |   1144 |   5 |  460.2 |
  Orcish Mines |   2194 |   1843 |    351 |    316 |    939 |   2 | 1097.0 |
   Elven Halls |   5895 |   5485 |    410 |   2675 |   1974 |   3 | 1965.0 |
        Vaults |   8046 |   6548 |   1498 |    758 |   4342 |   5 | 1609.2 |
        Depths |   4801 |   4327 |    474 |    344 |   3147 |   4 | 1200.2 |
           Zot |   9319 |   8571 |    748 |   2905 |   4195 |   5 | 1863.8 |
         Abyss |    303 |    303 |      0 |     72 |      0 |   1 |  303.0 |
        Bazaar |    129 |    129 |      0 |      0 |     54 |   1 |  129.0 |
         Sewer |    537 |    537 |      0 |     18 |    211 |   1 |  537.0 |
        Bailey |    281 |    281 |      0 |     21 |     78 |   1 |  281.0 |
      Gauntlet |    863 |    863 |      0 |    119 |    325 |   1 |  863.0 |
               +--------+--------+--------+--------+--------+-----+--------+

Top non-repeatable levels by time:
   Elf:3: 4041 daAuts
   Zot:5: 3310 daAuts
    D:13: 2088 daAuts
Spider:4: 1862 daAuts
Vaults:5: 1840 daAuts
Vaults:2: 1778 daAuts
Vaults:1: 1713 daAuts
Shoals:1: 1649 daAuts
Depths:4: 1638 daAuts
   Zot:3: 1634 daAuts
   Zot:2: 1632 daAuts
Spider:3: 1619 daAuts
  Lair:2: 1590 daAuts
    D:14: 1581 daAuts
     D:9: 1512 daAuts
